 Dungeon Crawl Stone Soup version 0.30.1-4-g462c640d31 (webtiles) character file.

Game seed: 215695222922145563

41 Zeor the Slasher (level 3, -3/27 HPs)
             Began as a Demonspawn Gladiator on Aug 24, 2023.
             Slain by Terence
             ... wielding a +0 short sword
              (7 damage)
             ... on level 2 of the Dungeon.
             The game lasted 00:02:09 (887 turns).

Zeor the Slasher (Demonspawn Gladiator)              Turns: 887, Time: 00:02:10

Health: -3/27      AC:  3    Str: 14    XL:     3   Next: 32%
Magic:  3/3        EV: 12    Int:  9    God:
Gold:   75         SH:  0    Dex: 16    Spells: 2/2 levels left

rFire   . . .        a - +0 long sword
rCold   . . .        (no shield)
rNeg    . . .        b - +0 leather armour
rPois   .            (helmet restricted)
rElec   .            (no cloak)
rCorr   .            (no gloves)
SInv    .            (no boots)
Will    .....        (no amulet)
Stlth   +            (no ring)
HPRegen 0.24/turn    (no ring)
MPRegen 0.08/turn

%: random rage (3%)
@: attractive
A: horns 2, weakness stinger 1, berserk 1
a: no special abilities


You were on level 2 of the Dungeon.
You visited 1 branch of the dungeon, and saw 2 of its levels.

You collected 75 gold pieces.

Inventory:

Hand Weapons
 a - a +0 long sword (weapon)
Missiles
 d - 3 throwing nets (quivered)
 e - a javelin
Armour
 b - a +0 leather armour (worn)


   Skills:
 + Level 2.1 Fighting
 * Level 3.5 Long Blades
 + Level 1.9 Throwing
 + Level 0.6 Armour
 + Level 2.8 Dodging
 + Level 0.2 Stealth


You had 2 spell levels left.
You didn't know any spells.
Your spell library was empty.

Dungeon Overview and Level Annotations

Branches:
Dungeon (2/15)

Altars:

Annotations:
D:2 Terence


Innate Abilities, Weirdness & Mutations

You have a pair of horns on your head.
You have a small tail.
You sometimes lose your temper in combat.


Message History

The ball python constricts you. The ball python barely misses you.
The ball python constricts you.
You slash the ball python!
You kill the ball python!
Terence shouts, "ATTACK!!!"
The ball python attacks as you move away!
The ball python barely misses you. x2; The ball python grabs you.
The ball python constricts you.
You slash the ball python!
You kill the ball python!
It was a potion of attraction.
You feel attractive to monsters. Terence is attracted toward you.
It was a potion of curing.
You feel better. Terence hits you with a +0 short sword.
You closely miss Terence. Your headbutt misses Terence.
Terence hits you with a +0 short sword. Terence barely misses you.
It was a potion of mutation.
You feel extremely strange.
You feel a little pissed off. The horns on your head grow some more.
Terence hits you with a +0 short sword.
You hit Terence but do no damage. Terence hits you with a +0 short sword.
You are too injured to fight recklessly!
You are too injured to fight recklessly!
You barely miss Terence. Your headbutt misses Terence.
You tail-slap Terence, but do no damage.
Terence hits you with a +0 short sword.
You slash Terence! You headbutt Terence.
Your tail-slap misses Terence.
Terence is heavily wounded.
Terence hits you with a +0 short sword.
* * * LOW HITPOINT WARNING * * *
You closely miss Terence.
You tail-slap Terence, but do no damage.
Terence is heavily wounded.
Terence hits you with a +0 short sword.
* * * LOW HITPOINT WARNING * * *
You hit Terence.
You tail-slap Terence, but do no damage.
Terence is almost dead.
Terence hits you with a +0 short sword!
You die... ∙∙∙∙∙∙ ▒∙∙∙∙∙ ▒∙∙∙∙▒ ▒∙ ∙∙∙∙▒ ∙∙∙ ∙∙∙▒ ∙∙∙∙

∙∙▒▒?∙▒▒∙
▒▒▒∙∙∙∙∙∙∙∙
▒6@∙†▒
▒▒▒†▒▒∙∙▒
▒[∙∙▒ ▒∙▒
▒∙▒▒▒ ?∙∙
▒∙∙▒ ▒▒∙
▒∙▒▒ ▒ ▒∙
∙▒▒▒▒ ∙∙ ▒∙


∙∙∙∙ ∙▒▒▒ ∙∙ ∙∙∙▒▒∙▒∙∙ You could see Terence.

Vanquished Creatures
  An adder (D:2)
  A dart slug (D:2)
  5 ball pythons
  An endoplasm (D:1)
  A giant cockroach (D:1)
  4 hobgoblins
  3 kobolds (D:1)
  8 bats (D:1)
  4 frilled lizards (D:1)
  2 goblins (D:1)
  2 rats (D:1)
32 creatures vanquished.

Notes
Turn   | Place    | Note
-------+----------+-------------------------------------------
     0 | D:1      | Zeor the Demonspawn Gladiator began the quest for the Orb.
     0 | D:1      | Reached XP level 1. HP: 16/16 MP: 1/1
   266 | D:1      | Reached skill level 3 in Long Blades
   319 | D:1      | Discovered your monstrous ancestry.
   319 | D:1      | Gained mutation: You have a small tail. [demonic ancestry]
   319 | D:1      | Reached XP level 2. HP: 22/22 MP: 2/2
   794 | D:2      | Gained mutation: You have a pair of small horns on your
                  | head. [demonic ancestry]
   794 | D:2      | Reached XP level 3. HP: 17/27 MP: 3/3
   872 | D:2      | Noticed Terence
   882 | D:2      | Gained mutation: You sometimes lose your temper in combat.
                  | [potion of mutation]
   882 | D:2      | Gained mutation: You have a pair of horns on your head.
                  | [potion of mutation]
   887 | D:2      | Slain by Terence

Illustrated notes

Levels and vault maps discovered:
D:1:      psy_arrival_statuary, layout_basic
D:2:      layout_rooms, lightli_corner_chamber, uniq_jessica, uniq_terence

Skill      XL: |  1 |
---------------+----+-----
Long Blades    | 3 |  3.5
Fighting       | |  2.1
Throwing       | |  1.9
Armour         | |  0.6
Dodging        | |  2.8
Stealth        | |  0.2

Action                     || total
---------------------------++-------
  Melee: Long sword        ||    93
         Tailslap          ||     8
         Punch             ||     1
         Headbutt          ||     1
    Use: Scroll            ||     2
         Potion            ||     3
   Stab: Sleeping          ||     2
 Armour: Leather armour    ||    27
  Dodge: Dodged            ||    58
